Match 42333673
Unlisted

Match 42333673
End
Royal Engineer Section
Selects Canadian Shock Battlegroup
Construct Section Command Post
Infantry Section
Infantry Section
Infantry Section
Grenade Package
Selects Attacking Spirit
Selects Canadian Shock Section
Construct Platoon Command Post
Unlock M3 Stuart Light Tanks
Vickers Machine Gun Team
M3 Stuart Light Tank
Selects Incendiary Munitions
6-pounder Anti-tank Gun Team
M3 Stuart Light Tank
Royal Engineer Section
Selects Pyrotechnics
Construct Field Infirmary
Canadian Shock Section
Selects Smoke Operation
Construct Field Infirmary
Selects Churchill Crocodile Heavy Tank
Churchill Crocodile Heavy Tank
6-pounder Anti-tank Gun Team
Selects Smoke Operation
Construct Company Command Post
Foot Guards Section
BIOHAZARD
Xandr27
0
0

Comments sign in to comment!

No comments posted yet!